 Dungeon Crawl Stone Soup version 0.13.0-18-g7b03ea5 (webtiles) character file.

185 Piginabag the Grave Robber (level 3, -1/26 HPs)
             Began as a Demigod Necromancer on Oct 23, 2013.
             Slain by a gnoll (4 damage)
             ... on Level 2 of the Dungeon.
             The game lasted 00:08:51 (2514 turns).

Piginabag the Grave Robber (Demigod Necromancer)    Turns: 2514, Time: 00:08:51

HP  -1/26        AC  2     Str 11      XL: 3   Next: 69%
MP   4/9         EV 12     Int 21      God:
Gold 119         SH  0     Dex 16      Spells:  3 memorised,  2 levels left

Res.Fire  : . . .   See Invis. : .   m - +2,+3 dagger (drain)
Res.Cold  : . . .   Warding    : .   a - +0 robe
Life Prot.: . . .   Conserve   : .   (no shield)
Res.Poison: .       Res.Corr.  : .   (no helmet)
Res.Elec. : .       Clarity    : .   (no cloak)
Sust.Abil.: . .     Spirit.Shd : .   (no gloves)
Res.Mut.  : .       Stasis     : .   (no boots)
Res.Rott. : .       Flight     : .   (no amulet)
Saprovore : . . .                    (no ring)
                                     (no ring)

@: slightly resistant to hostile enchantments, fairly stealthy
A: no striking features
a: no special abilities


You were on level 2 of the Dungeon.
You were hungry.

You visited 1 branch of the dungeon, and saw 2 of its levels.

You collected 99 gold pieces.

Inventory:

Hand weapons
 m - a +2,+3 dagger of draining (weapon)
Armour
 a - a +0 robe (worn)
Comestibles
 c - 2 bread rations
 d - a chunk of goblin flesh
 f - a choko
 h - 12 sultanas
 l - a meat ration
 n - a chunk of bat flesh
Scrolls
 i - a scroll of identify
Jewellery
 g - a cursed amulet of rage
Potions
 k - a potion of flight {unknown}
Books
 b - a book of Necromancy

   Spells                             Type                      Level
   *Pain                              Necromancy                   1
   *Animate Skeleton                  Necromancy                   1
   *Lethal Infusion                   Charms/Necromancy            2
   Vampiric Draining                  Necromancy                   3
   Regeneration                       Charms/Necromancy            3
   Animate Dead                       Necromancy                   4
   Control Undead                     Necromancy                   4


   Skills:
 + Level 1.8 Dodging
 + Level 2.1 Stealth
 + Level 2.1 Spellcasting
 + Level 4.3 Necromancy


You had 2 spell levels left.
You knew the following spells:

 Your Spells              Type           Power        Failure   Level  Hunger
a - Pain                  Necr           ###.         2%          1    #......
b - Animate Skeleton      Necr           N/A          2%          1    #......
c - Lethal Infusion       Chrm/Necr      ##........   12%         2    ##.....


Dungeon Overview and Level Annotations

Branches:
Dungeon (2/27)


Message History

Sorry, you're not good enough to have a special ability.
The gnoll hits you with a glowing spear.
You stop butchering the corpse.
The gnoll hits you!
A goblin comes into view. It is wielding a club.
Casting: Pain
Confirm with . or Enter, or press ? or * to list all spells.
Your +2,+3 dagger crackles with unholy energy.
The gnoll hits you with a glowing spear!
* * * LOW HITPOINT WARNING * * *
The gnoll barely misses you.
You hit the gnoll.
You kill the gnoll!
Your Spellcasting skill increases to level 2!
The gnoll hits you.
* * * LOW HITPOINT WARNING * * *
Unknown command.
Drink which item? (? for menu, Esc to quit)
It has a very clean taste.
It was a potion of cure mutation.
The gnoll hits you.
You die...

.......#
.......# ##
.......####...
............#
........#..#
#####
..........# ....
z.zz..z..## .g#
#####.#z## ##g.#
#.#..## +#@).#
#.#...## ##%.#.#
#.#.#..###..##.#
#.......#......#
#######...######
#####


You could see a gnoll and a goblin.

Vanquished Creatures
  An adder (D:2)
  2 gnolls (D:2)
  3 giant cockroaches
  7 goblins
  7 hobgoblins
  5 kobolds
  A quokka (D:2)
  A ball python (D:2)
  3 bats (D:2)
  2 giant geckos
  A giant newt (D:1)
  8 rats
41 creatures vanquished.

Vanquished Creatures (collateral kills)
  A goblin (D:1)
  A kobold (D:1)
2 creatures vanquished.

Vanquished Creatures (others)
  A bat skeleton (D:2)
  A giant gecko skeleton (D:2)
  A goblin skeleton (D:2)
  2 kobold skeletons (D:2)
5 creatures vanquished.

Grand Total: 48 creatures vanquished

Notes
Turn   | Place    | Note
--------------------------------------------------------------
     0 | D:1      | Piginabag, the Demigod Necromancer, began the quest for the Orb.
     0 | D:1      | Reached XP level 1. HP: 14/14 MP: 5/5
   583 | D:1      | Learned a level 1 spell: Animate Skeleton
   614 | D:1      | Reached skill level 4 in Necromancy
  1046 | D:1      | Reached XP level 2. HP: 20/20 MP: 4/6
  2178 | D:2      | Reached XP level 3. HP: 20/26 MP: 1/9
  2249 | D:2      | Learned a level 2 spell: Lethal Infusion
  2514 | D:2      | Slain by a gnoll

Action                   || total
-------------------------++-------
Melee: Unarmed           ||    23
       Dagger            ||    15
 Cast: Pain              ||    65
       Animate Skeleton  ||     8
       Lethal Infusion   ||     2
  Use: Scroll            ||     6
       Potion            ||     1
